 Dungeon Crawl Stone Soup version 0.13-a0-3159-gc5ce8eb (webtiles) character file.

249 PolkaDot the Spear-Bearer (level 5, -4/39 HPs)
             Began as a Merfolk Death Knight on Sept 24, 2013.
             Was a Believer of Yredelemnul.
             Killed by nerve-wracking pain
             ... invoked by Grinder
              (7 damage)
             ... on Level 3 of the Dungeon.
             The game lasted 00:06:10 (1770 turns).

PolkaDot the Spear-Bearer (Merfolk Death Knight)    Turns: 1770, Time: 00:06:12

HP  -4/39        AC  4     Str 13      XL: 5   Next: 10%
MP   8/8         EV 15     Int 11      God: Yredelemnul [**....]
Gold 123         SH  0     Dex 14      Spells:  0 memorised,  4 levels left

Res.Fire  : . . .   See Invis. : .   a - +1 spear {=f}
Res.Cold  : . . .   Warding    : .   b - +0 leather armour
Life Prot.: . . .   Conserve   : .   (no shield)
Res.Poison: .       Res.Corr.  : .   (no helmet)
Res.Elec. : .       Clarity    : .   f - +0 cloak
Sust.Abil.: . .     Spirit.Shd : .   (no gloves)
Res.Mut.  : .       Stasis     : .   (no boots)
Res.Rott. : .       Flight     : .   (no amulet)
Saprovore : . . .                    (no ring)
                                     (no ring)

@: confused, quite poisoned, slightly resistant to hostile enchantments,
extremely unstealthy
A: change form in water, swift swim
a: Animate Remains, Recall Undead Slaves, Injury Mirror, Renounce Religion


You were on level 3 of the Dungeon.
You worshipped Yredelemnul.
Yredelemnul was pleased with you.
You were not hungry.

You visited 1 branch of the dungeon, and saw 3 of its levels.

You collected 103 gold pieces.

Inventory:

Hand weapons
 a - a +1,+1 spear (weapon) {=f}
Armour
 b - a +0 leather armour (worn)
 f - a +0 cloak (worn)
Comestibles
 c - 3 bread rations
 d - 8 grapes
 g - a chunk of worm flesh
 h - 3 meat rations
Scrolls
 e - 2 scrolls of teleportation {unknown}
 i - 2 scrolls of identify {unknown}
 j - a scroll of fog {unknown}
 l - a scroll of remove curse {unknown}
 o - a scroll of curse weapon {unknown}
 v - a scroll of random uselessness {unknown}
 w - 2 scrolls of amnesia {unknown}
Potions
 s - a potion of magic {unknown}


   Skills:
 + Level 2.9 Fighting
 - Level 10.1 Polearms
 - Level 4.5 Armour
 + Level 7.9 Dodging
 - Level 3.0 Invocations


You had 4 spell levels left.
You didn't know any spells.

Dungeon Overview and Level Annotations

Branches:
Dungeon (3/27)

Altars:
Elyvilon

Annotations:
D:3 Grinder


Message History

Grinder is heavily wounded.
Grinder hits you.
You writhe in agony.
You hit Grinder.
Grinder is heavily wounded.
Grinder hits you.
* * * LOW HITPOINT WARNING * * *
You writhe in agony.
* * * LOW HITPOINT WARNING * * *
Drink which item? (? for menu, Esc to quit)
That liquid tasted very nasty...
You are poisoned.
It was a potion of poison.
Grinder drinks a potion.
Grinder is healed!
Drink which item? (? for menu, Esc to quit)
You are confused.
It was a potion of confusion.
* * * LOW HITPOINT WARNING * * *
You feel sick. Grinder gestures at you. Pain shoots through your body!
You die...
Your body rises from the dead as a mindless zombie.

#.#####.### # #...#
#%..# #...# #.### ###
#.# ...
#...###.######.#####
......................
#...###.####@........
## #.# #5........ #.#
#........ #.#
..?.###.. #.# ....# .
#.# .....# ... .....#
# #.....# ...


You could see Grinder.

Vanquished Creatures
  Crazy Yiuf (D:2)
  An adder (D:2)
  A worm (D:3)
  A giant gecko (D:2)
  An orc (D:3)
  2 ball pythons (D:2)
  3 bats
  2 giant cockroaches (D:3)
  6 goblins
  7 hobgoblins
  A quokka (D:2)
  3 giant newts
  6 kobolds
  A rat (D:1)
  2 fungi (D:2)
38 creatures vanquished.

Vanquished Creatures (others)
  A worm (D:2)
1 creature vanquished.

Grand Total: 39 creatures vanquished

Notes
Turn   | Place    | Note
--------------------------------------------------------------
     0 | D:1      | PolkaDot, the Merfolk Death Knight, began the quest for the Orb.
     0 | D:1      | Reached XP level 1. HP: 16/16 MP: 2/2
   366 | D:1      | Reached XP level 2. HP: 22/22 MP: 4/4
   685 | D:1      | Reached skill level 4 in Polearms
  1177 | D:2      | Reached XP level 3. HP: 22/28 MP: 5/5
  1268 | D:2      | Found a white marble altar of Elyvilon.
  1591 | D:2      | Noticed Crazy Yiuf
  1593 | D:2      | Reached skill level 9 in Polearms
  1593 | D:2      | Reached XP level 4. HP: 34/34 MP: 7/7
  1603 | D:2      | Killed Crazy Yiuf
  1603 | D:2      | Reached skill level 10 in Polearms
  1672 | D:3      | Reached XP level 5. HP: 28/39 MP: 8/8
  1713 | D:3      | Acquired Yredelemnul's second power
  1750 | D:3      | Noticed Grinder
  1770 | D:3      | Killed from afar by Grinder

Action                   |  1- 3 |  4- 6 || total
-------------------------+-------+-------++-------
Melee: Spear             |   132 |    57 ||   189
  Use: Potion            |     1 |     2 ||     3
